Map: New Gettysburg LE

Players

SuperÇaYann - Winner!

  • Race: Protoss Protoss
  • League: Diamond

Isillian

  • Race: Protoss Protoss
  • League: Diamond

VOD

Have the link to the VOD?

Description

Time

  • Played on: Nov. 14, 2016, 3:16 p.m.
  • Length: 19:29
Show
View Real Time Build Order
Export as new Build Order

SuperÇaYann Protoss - Winner!

Build Orders: Dark Templar Rush 

Get SALT Encoding   

  12  0:01  Probe (Chrono Boost)  
  13  0:11  Probe (Chrono Boost)  
  14  0:18  Pylon  
  14  0:22  Probe (Chrono Boost)  
  15  0:36  Probe (Chrono Boost)  
  15  0:39  Gateway  
  16  0:47  Probe (Chrono Boost)  
  17  0:50  Assimilator  
  17  0:57  Probe (Chrono Boost)  
  17  0:59  Assimilator  
  18  1:08  Probe (Chrono Boost)  
  19  1:14  Gateway  
  19  1:18  Probe (Chrono Boost)  
  20  1:30  Cybernetics Core  
  20  1:34  Probe (Chrono Boost)  
  21  1:43  Pylon  
  21  1:46  Probe (Chrono Boost)  
  22  1:54  Warp Gate  
  22  1:57  Probe (Chrono Boost)  
  23  2:07  Twilight Council  
  23  2:13  Pylon  
  23  2:30  Stalker x2  
  27  2:44  Dark Shrine  
  27  2:49  Dark Shrine  
  27  2:54  Pylon  
  27  3:09  Mothership Core (Chrono Boost)  
  29  3:18  Gateway  
  29  3:24  Stalker x2  
  33  4:08  Dark Templar  
  33  4:09  Dark Templar  
  37  4:14  Nexus  
  37  4:16  Pylon  
  37  4:19  Probe (Chrono Boost)  
  38  4:38  Probe (Chrono Boost)  
  35  4:47  Robotics Facility  
  35  4:49  Probe (Chrono Boost)  
  36  4:54  Stalker  
  36  4:55  Stalker  
  40  5:03  Adept  
  40  5:06  Probe (Chrono Boost)  
  43  5:15  Forge  
  43  5:17  Probe (Chrono Boost)  
  44  5:34  Protoss Ground Weapons Level 1  
  44  5:35  Blink  
  44  5:36  Probe x2 (Chrono Boost)  
  44  5:40  Pylon  
  44  5:46  Observer  
  44  5:47  Probe x2 (Chrono Boost)  
  47  5:58  Adept  
  47  5:59  Probe (Chrono Boost)  
  47  6:03  Probe (Chrono Boost)  
  52  6:12  Probe (Chrono Boost), Gateway  
  52  6:15  Probe (Chrono Boost)  
  53  6:24  Probe (Chrono Boost)  
  50  6:28  Zealot x3  
  52  6:39  Probe x2 (Chrono Boost)  
  50  6:45  Immortal  
  50  6:54  Assimilator  
  50  6:55  Assimilator  
  50  6:58  Gateway  
  50  6:59  Dark Templar  
  50  7:00  Pylon, Dark Templar  
  54  7:12  Adept  
  58  7:16  Probe x2 (Chrono Boost)  
  57  7:27  Stalker  
  57  7:28  Probe (Chrono Boost)  
  57  7:29  Probe (Chrono Boost)  
  59  7:45  Zealot x2  
  59  7:46  Protoss Ground Weapons Level 2  
  65  7:54  Mothership Core (Chrono Boost)  
  57  8:09  Zealot x4  
  57  8:19  Pylon  
  51  8:21  Probe x2 (Chrono Boost)  
  51  8:23  Pylon  
  51  8:24  Robotics Facility  
  51  8:33  Probe (Chrono Boost)  
  52  8:34  Pylon, Charge  
  52  8:37  Nexus, Dark Templar x2  
  56  8:50  Pylon, Zealot x2  
  60  8:55  Pylon  
  60  8:59  Stalker  
  62  9:06  Immortal  
  62  9:09  Probe x2 (Chrono Boost)  
  65  9:35  Nexus  
  65  9:39  Pylon, Dark Templar  
  65  9:40  Dark Templar  
  65  9:41  Immortal  
  65  9:42  Probe x2 (Chrono Boost)  
  75  9:54  Protoss Ground Weapons Level 3  
  75  9:55  Probe x2 (Chrono Boost)  
  75  9:57  Pylon  
  75  9:59  Dark Templar x2  
  81  10:02  Archon x2  
  80  10:30  Nexus  
  80  10:32  Dark Templar  
  80  10:33  Pylon  
  82  10:35  Archon  
  82  10:37  Archon, Immortal  
  86  10:55  Dark Templar  
  90  10:58  Probe x2 (Chrono Boost)  
  90  10:59  Assimilator  
  90  11:00  Dark Templar  
  90  11:01  Zealot x2  
  96  11:05  Assimilator  
  96  11:07  Gateway  
  96  11:10  Probe (Chrono Boost)  
  97  11:11  Archon  
  97  11:16  Warp Prism  
  99  11:32  Pylon, Dark Templar x2  
  103  11:33  Zealot x3  
  109  11:40  Gateway  
  109  11:42  Gateway  
  109  11:50  Pylon  
  109  11:52  Archon  
  109  11:53  Pylon  
  109  11:57  Immortal  
  105  12:24  Dark Templar x2  
  105  12:25  Dark Templar x2  
  105  12:26  Zealot  
  105  12:27  Zealot  
  117  12:30  Archon  
  117  12:31  Archon  
  117  12:43  Probe (Chrono Boost)  
  120  12:45  Probe x2 (Chrono Boost)  
  120  12:46  Immortal, Gateway  
  120  12:49  Pylon, Gateway  
  124  12:52  Protoss Shields Level 1  
  124  12:56  Dark Templar x2  
  128  13:08  Pylon  
  128  13:12  Pylon, Archon  
  128  13:17  Dark Templar x2  
  132  13:27  Dark Templar  
  132  13:31  Pylon, Dark Templar  
  136  13:34  Pylon  
  136  13:35  Dark Templar  
  136  13:36  Archon  
  138  13:42  Immortal  
  138  13:43  Archon  
  142  13:59  Nexus  
  142  14:01  Pylon  
  104  14:19  Zealot x4  
  104  14:20  Zealot, Stalker  
  111  14:32  Pylon  
  111  14:34  Dark Templar x3  
  117  14:41  Archon  
  117  14:42  Archon  
  117  14:46  Immortal  
  117  14:48  Stalker  
  123  15:20  Stalker x6  
  123  15:21  Stalker  
  125  15:24  Protoss Shields Level 2  
  99  15:32  Stalker x2  
  99  15:33  Stalker x5  
  109  15:51  Stargate  
  109  15:54  Stargate  
  107  16:00  Dark Templar x2  
  107  16:02  Zealot x4  
  107  16:03  Zealot x2  
  83  16:37  Assimilator  
  79  16:40  Assimilator  
  79  16:44  Immortal  
  75  16:50  Zealot x4  
  75  16:51  Zealot  
  85  16:58  Void Ray  
  85  16:59  Void Ray  
  93  17:02  Dark Templar x2  
  93  17:03  Zealot x3, Resonating Glaives  
  93  17:18  Adept x5  
  93  17:20  Warp Prism, Archon  
  105  17:46  Nexus  
  105  17:51  Void Ray  
  109  17:54  Oracle  
  112  18:19  Dark Templar  
  114  18:24  Dark Templar  
  116  18:28  Archon  
  116  18:31  Dark Templar  
  116  18:32  Dark Templar x2  
  116  18:33  Dark Templar  
  124  18:34  Stalker x2  
  124  18:36  Archon  
  124  18:37  Archon  
  124  18:41  Void Ray  
  132  18:59  Stalker x2  
  132  19:18  Adept x2  
  132  19:19  Adept x3  
  111  19:26  Stalker x2  
Show
View Real Time Build Order
Export as new Build Order

Isillian Protoss 

Build Orders: Blink Stalkers 

Get SALT Encoding   

  12  0:01  Probe (Chrono Boost)  
  13  0:11  Probe (Chrono Boost)  
  14  0:19  Pylon  
  14  0:22  Probe (Chrono Boost)  
  15  0:38  Probe (Chrono Boost), Gateway  
  16  0:44  Assimilator  
  16  0:48  Probe (Chrono Boost)  
  17  0:55  Assimilator  
  17  0:59  Probe (Chrono Boost)  
  18  1:09  Probe (Chrono Boost)  
  19  1:20  Probe (Chrono Boost)  
  19  1:21  Gateway  
  19  1:25  Cybernetics Core  
  20  1:31  Probe (Chrono Boost)  
  21  1:38  Pylon  
  21  1:42  Probe (Chrono Boost)  
  22  1:50  Warp Gate  
  22  1:52  Probe (Chrono Boost)  
  23  2:01  Stalker  
  23  2:06  Mothership Core (Chrono Boost)  
  27  2:11  Sentry  
  29  2:23  Pylon  
  29  2:43  Nexus  
  29  2:50  Sentry  
  31  2:59  Robotics Facility  
  31  3:10  Twilight Council  
  31  3:19  Gateway  
  31  3:31  Blink, Probe (Chrono Boost)  
  32  3:44  Probe (Chrono Boost)  
  33  3:51  Observer  
  34  3:57  Probe (Chrono Boost)  
  34  4:00  Probe (Chrono Boost)  
  36  4:03  Stalker  
  36  4:06  Stalker  
  36  4:07  Probe (Chrono Boost)  
  41  4:12  Probe (Chrono Boost)  
  42  4:18  Probe (Chrono Boost)  
  44  4:24  Assimilator, Probe (Chrono Boost)  
  44  4:29  Probe (Chrono Boost)  
  44  4:31  Observer  
  44  4:41  Probe (Chrono Boost)  
  44  4:43  Probe (Chrono Boost)  
  46  4:48  Stalker x2  
  46  4:52  Probe (Chrono Boost)  
  51  4:55  Probe (Chrono Boost)  
  52  5:02  Probe (Chrono Boost)  
  52  5:05  Gateway  
  52  5:06  Gateway  
  54  5:07  Probe (Chrono Boost)  
  54  5:10  Gateway  
  54  5:18  Pylon  
  54  5:22  Pylon  
  54  5:35  Probe (Chrono Boost)  
  54  5:37  Probe (Chrono Boost)  
  54  5:45  Stalker  
  54  5:46  Stalker x2  
  54  5:48  Warp Prism  
  62  6:00  Pylon, Probe (Chrono Boost)  
  63  6:06  Pylon  
  63  6:13  Probe (Chrono Boost)  
  63  6:15  Probe (Chrono Boost)  
  45  6:51  Probe x2 (Chrono Boost)  
  45  6:52  Stalker x6  
  59  7:03  Probe (Chrono Boost)  
  59  7:04  Probe (Chrono Boost)  
  63  7:15  Probe (Chrono Boost)  
  63  7:16  Probe (Chrono Boost)  
  63  7:18  Stalker x6  
  75  7:34  Pylon  
  75  7:36  Observer  
  70  7:51  Stalker x4  
  70  7:52  Stalker  
  76  8:09  Probe x2 (Chrono Boost)  
  74  8:20  Stalker x2  
  74  8:21  Probe x2 (Chrono Boost), Stalker x4  
  74  8:24  Observer  
  87  8:39  Assimilator  
  87  8:42  Nexus  
  87  8:57  Pylon  
  87  9:01  Pylon  
  87  9:04  Templar Archives  
  87  9:12  Forge  
  89  9:17  Probe x2 (Chrono Boost)  
  89  9:19  Pylon  
  89  9:22  Observer  
  90  9:30  Probe x2 (Chrono Boost)  
  85  9:33  Protoss Ground Weapons Level 1  
  85  9:37  Zealot x4  
  85  9:38  Zealot  
  89  9:43  Pylon  
  91  10:00  Assimilator, Probe x2 (Chrono Boost)  
  91  10:02  Photon Cannon  
  91  10:05  Assimilator  
  91  10:07  Photon Cannon  
  94  10:14  Probe (Chrono Boost)  
  94  10:15  Probe x2 (Chrono Boost)  
  94  10:20  High Templar x3  
  94  10:21  High Templar x3  
  100  10:31  Archon x2  
  100  10:32  Archon  
  100  10:42  Photon Cannon  
  100  10:52  Charge  
  100  10:55  Observer  
  101  10:59  Stalker x2  
  101  11:00  Stalker x4  
  113  11:13  Protoss Ground Weapons Level 2  
  113  11:14  Gateway  
  113  11:15  Gateway  
  113  11:17  Gateway  
  113  11:18  Gateway  
  113  11:25  Observer  
  114  11:34  Stalker x4  
  114  11:37  High Templar  
  114  11:38  High Templar  
  126  11:42  Archon  
  126  11:52  Pylon  
  126  12:05  Nexus  
  126  12:07  High Templar x3  
  132  12:10  Pylon  
  132  12:14  Pylon  
  130  12:22  High Templar  
  116  12:23  Zealot x5  
  116  12:27  Archon  
  116  12:28  Archon  
  126  12:39  Probe (Chrono Boost)  
  126  12:40  Probe x2 (Chrono Boost)  
  129  12:44  Assimilator  
  129  12:47  Assimilator  
  129  12:50  Photon Cannon  
  129  12:52  High Templar x2  
  129  12:53  High Templar x2  
  129  12:54  Zealot x3  
  129  12:57  Probe (Chrono Boost)  
  146  12:58  Archon, Probe (Chrono Boost)  
  146  12:59  Archon, Probe (Chrono Boost)  
  146  13:06  Immortal  
  150  13:13  Probe (Chrono Boost)  
  150  13:15  Probe x2 (Chrono Boost)  
  150  13:19  Probe (Chrono Boost)  
  154  13:24  Probe (Chrono Boost)  
  154  13:27  Probe x2 (Chrono Boost)  
  157  13:28  High Templar x3  
  157  13:30  Probe (Chrono Boost)  
  157  13:31  Pylon  
  157  13:32  High Templar  
  157  13:33  Protoss Shields Level 1  
  166  13:36  Pylon  
  166  13:40  Probe (Chrono Boost)  
  169  13:41  Probe x2 (Chrono Boost)  
  169  13:44  Stargate  
  169  13:49  Archon x2  
  169  13:55  Zealot x4  
  157  14:14  Zealot x3  
  157  14:15  Zealot x5  
  145  14:21  Immortal  
  141  14:39  High Templar x3  
  141  14:40  High Templar  
  141  14:42  Zealot  
  141  14:43  Zealot x5  
  141  14:44  Archon  
  161  14:53  Archon  
  161  14:58  Fleet Beacon  
  161  15:04  Stargate  
  161  15:06  Zealot x2  
  161  15:07  Zealot x4  
  143  15:28  Zealot x6  
  123  15:29  Zealot x2  
  109  15:52  High Templar x2  
  109  15:53  High Templar x3  
  109  15:55  Zealot x5  
  112  16:00  Archon x2  
  104  16:21  Zealot  
  104  16:22  Zealot x4  
  96  16:30  Zealot x4  
  74  16:44  Tempest  
  74  16:45  Tempest  
  73  17:00  High Templar x2  
  73  17:01  Zealot x5  
  83  17:05  Archon  
  86  17:22  Tempest  
  90  17:31  Nexus  
  90  17:32  Tempest  
  101  18:05  Probe (Chrono Boost)  
  101  18:06  Probe (Chrono Boost)  
  101  18:07  Probe (Chrono Boost)  
  101  18:25  Zealot x6  
  101  18:26  Zealot x2  
  105  18:45  High Templar x3  
  105  18:46  High Templar  
  105  18:47  Zealot  
  105  18:48  Zealot x3  
  119  18:49  Zealot  
  119  18:50  Archon x2  
  123  18:58  Assimilator  
  123  19:01  Assimilator  
  123  19:02  Pylon  
  117  19:18  Zealot x6  
  117  19:19  Zealot  
Tags
 
Add a new tag
Caveats
  • Supply blocks, unpowered buildings, or Contaminate may cause inaccurate times.
  • Supply counts are checked every 10 seconds.